 Dungeon Crawl Stone Soup version 0.29.1-15-g9cfb28693d (webtiles) character file.

Game seed: 14072153009555351476

586 BuddhaDhamma the Cleaver (level 7, -8/57 HPs)
             Began as a Minotaur Berserker on Mar 18, 2023.
             Was a Believer of Trog.
             Succumbed to Duvessa's poison
             ... on level 4 of the Dungeon.
             The game lasted 00:03:57 (2740 turns).

BuddhaDhamma the Cleaver (Minotaur Berserker)       Turns: 2740, Time: 00:03:57

Health: -8/57      AC: 12    Str: 23    XL:     7   Next: 15%
Magic:  6/6        EV:  7    Int:  4    God:    Trog [**....]
Gold:   249        SH:  0    Dex: 10    Spells: 6/6 levels left

rFire   . . .      SeeInvis .   a - +0 hand axe
rCold   . . .      Faith    .   (no shield)
rNeg    . . .      Spirit   .   r - +0 plate armour
rPois   .          Reflect  .   (helmet restricted)
rElec   .          Harm     .   (no cloak)
rCorr   .          Rampage  .   (no gloves)
Will    .....                   n - +0 pair of boots
Stlth   ..........              (no amulet)
HPRegen 0.19/turn               (no ring)
MPRegen 0.10/turn               (no ring)

@: lethally poisoned (-8 -> -40), on berserk cooldown, slowed, very slow
A: horns 2, retaliatory headbutt
a: Renounce Religion, Berserk, Trog's Hand


You were on level 4 of the Dungeon.
You worshipped Trog.
Trog was pleased with you.
You visited 1 branch of the dungeon, and saw 4 of its levels.

You collected 249 gold pieces.

Inventory:

Hand Weapons
 a - a +0 hand axe (weapon)
Missiles
 e - 4 curare-tipped darts
 g - 8 poisoned darts (quivered)
 o - a throwing net
Armour
 n - a +0 pair of boots (worn)
 r - a +0 plate armour (worn)
Jewellery
 k - a ring of willpower
Wands
 p - a wand of iceblast (3)
Scrolls
 c - a scroll of torment {unknown}
 i - 2 scrolls of magic mapping {unknown}
 j - a scroll of enchant weapon {unknown}
 l - a scroll of noise {unknown}
 q - a scroll of blinking {unknown}
Potions
 b - a potion of mutation {unknown}
 d - 3 potions of lignification {unknown}
 h - a potion of resistance {unknown}
 m - a potion of curing {unknown}


   Skills:
 - Level 3.6 Fighting
 + Level 9.9 Axes
 - Level 2.4 Armour
 - Level 2.1 Dodging


You had 6 spell levels left.
You didn't know any spells.
Your spell library was empty.

Dungeon Overview and Level Annotations

Branches:
Dungeon (4/15)
 Temple: D:4-7

Altars:
Okawaru

Annotations:
D:4 Duvessa


Innate Abilities, Weirdness & Mutations

You have a pair of horns on your head.
You reflexively headbutt those who attack you in melee.


Message History

You feel sick.
Duvessa hits you with a +2 short sword of venom.
You are more poisoned.
You closely miss Dowan. You hit Duvessa.
You feel sick.
You barely miss Dowan. You headbutt Dowan.
Dowan is lightly wounded.
You closely miss Duvessa.
You feel sick. Dowan hits you but does no damage.
You are more poisoned.
Duvessa hits you with a +2 short sword of venom!
You are more poisoned.
You slash Dowan! Your headbutt misses Dowan.
Dowan is heavily wounded.
You hit the iguana. You barely miss Duvessa.
You are no longer berserk.
You are exhausted.
You feel yourself slow down.
You feel very sick.
You hit Dowan. You headbutt Dowan.
Dowan is severely wounded.
You hit Duvessa. You hit the iguana.
You feel extremely sick.
The iguana bites you but does no damage.
Dowan hits you but does no damage.
You are more poisoned.
Duvessa hits you but does no damage.
You are more poisoned.
You slash Dowan!
You kill Dowan!
Trog accepts your kill.
Trog appreciates your killing of a magic user.
Duvessa weeps, and shakes her weapon.
Duvessa goes berserk!
You closely miss the iguana. You barely miss Duvessa.
* * * LOW HITPOINT WARNING * * *
You feel extremely sick. Duvessa closely misses you.
The iguana closely misses you. Duvessa barely misses you.
The iguana closely misses you. Duvessa attacks as you move away!
Duvessa hits you with a +2 short sword of venom!
* * * LOW HITPOINT WARNING * * *
You die...

######### ........#
###########
........####.........#
........##.#.........#
...........#.........#
...........#..e......#
.###..).<..#....@....#
......$.#..#...l.....#
.....................#
........#.!#.........#
....<...#..#...........
$.......#..#............
..##.##.#..######.......
..##[##.#..##### .......
..............># ..


You could see Duvessa (berserk) and an iguana.

Vanquished Creatures
  Eustachio (D:4)
  A steam dragon (D:3)
  A phantom (D:2)
  A necrophage (D:2)
  Dowan (D:4)
  A jelly (D:4)
  5 adders
  A dart slug (D:1)
  3 orcs (D:2)
  7 ball pythons
  4 endoplasms
  A giant cockroach (D:1)
  8 goblins
  5 hobgoblins
  3 jackals (D:3)
  3 quokkas
  3 bats
  2 frilled lizards
  3 kobolds
  4 rats
58 creatures vanquished.

Notes
Turn   | Place    | Note
-------+----------+-------------------------------------------
     0 | D:1      | BuddhaDhamma the Minotaur Berserker began the quest for the
                  | Orb.
     0 | D:1      | Reached XP level 1. HP: 19/19 MP: 0/0
   129 | D:1      | Reached skill level 4 in Axes
   179 | D:1      | Reached XP level 2. HP: 26/26 MP: 1/1
   361 | D:1      | Found a faded altar of an unknown god.
   582 | D:2      | Noticed a necrophage
   589 | D:2      | Killed a necrophage
   590 | D:2      | Reached skill level 6 in Axes
   590 | D:2      | Reached XP level 3. HP: 31/31 MP: 2/2
   590 | D:2      | Reached XP level 4. HP: 39/39 MP: 3/3
   631 | D:2      | Identified the +11 mace of Nemal {vorpal, Int+3}
   742 | D:2      | Reached ** piety under Trog
  1086 | D:2      | Reached XP level 5. HP: 38/45 MP: 4/4
  1088 | D:2      | Reached skill level 7 in Axes
  1322 | D:2      | Noticed a phantom
  1346 | D:2      | Killed a phantom
  1726 | D:3      | Found an iron altar of Okawaru.
  1791 | D:3      | Noticed a steam dragon
  1801 | D:3      | Killed a steam dragon
  1802 | D:3      | Reached skill level 8 in Axes
  1802 | D:3      | Reached XP level 6. HP: 18/51 MP: 5/5
  2625 | D:4      | Noticed Eustachio
  2636 | D:4      | Killed Eustachio
  2637 | D:4      | Reached skill level 9 in Axes
  2640 | D:4      | Reached XP level 7. HP: 40/57 MP: 6/6
  2725 | D:4      | Noticed Dowan
  2727 | D:4      | Noticed Duvessa
  2739 | D:4      | Killed Dowan
  2740 | D:4      | HP: 1/57 [Duvessa/+2 short sword of venom (9)]
  2740 | D:4      | Succumbed to Duvessa's poison

Illustrated notes

Levels and vault maps discovered:
D:1:      heliophobic_arrival_battle_scene, layout_rooms,
          nicolae_ecumenical_snake_handling
D:2:      layout_loops_ring, guppyfry_early_orc_mine
D:3:      layout_loops_ring, okawaru_trees_1
D:4:      layout_basic, uniq_eustachio, uniq_blork_the_orc, uniq_duvessa

Skill      XL: |  1  2  3  4  5  6 |
---------------+-------------------+-----
Axes           | 4 6 8 9 |  9.9
Fighting       | |  3.6
Armour         | |  2.4
Dodging        | |  2.1

Action                   |  1- 3 |  4- 6 |  7- 9 || total
-------------------------+-------+-------+-------++-------
Melee: Hand axe          |    28 |    89 |     6 ||   123
       Headbutt          |     2 |     4 |     3 ||     9
Throw: Dart              |     8 |       |       ||     8
Invok: Berserk           |     1 |     2 |     1 ||     4
Armor: Ring mail         |     7 |       |       ||     7
       Chain mail        |       |    38 |       ||    38
       Plate armour      |       |       |     6 ||     6
Dodge: Dodged            |    16 |    34 |     6 ||    56
